 Dungeon Crawl Stone Soup version 0.29-a0-344-ge2f44be95a (webtiles) character file.

Game seed: 3668480261789990658

1512 spaghetti the Covered (level 8, -8/74 (78) HPs)
             Began as a Naga Fighter on Apr 21, 2022.
             Was a Priest of Ru.
             Mangled by a hornet (12 damage)
             ... on level 7 of the Dungeon.
             The game lasted 00:09:09 (5664 turns).

spaghetti the Covered (Naga Fighter)                Turns: 5664, Time: 00:09:09

HP:   -8/74 (78)    AC:  9    Str: 20    XL:     8   Next: 83%
MP:   2/2           EV:  5    Int:  9    God:    Ru [***...]
Gold: 171           SH:  5    Dex: 17    Spells: 7/7 levels left

rFire   . . .      SeeInvis +   q - +5 hand axe of the Feeding Lamprey {antimagic, *Rage Fly rPois, axe}
rCold   . . .      Faith    .   c - +0 buckler
rNeg    . . .      Spirit   .   r - +0 chain mail
rPois   +          Reflect  .   (no helmet)
rElec   .          Harm     .   (no cloak)
rCorr   .          Rampage  .   (no gloves)
Will    +....      Rage     20% (no barding)
Stlth   ..........              (no amulet)
HPRegen 0.22/turn               s - +6 ring of dexterity
MPRegen 0.08/turn               (no ring)

@: mighty, lethally poisoned (-8 -> -19), exhausted, overwhelmed with horror,
flying, drained, very slow
A: AC +2, large, see invisible, deformed body, poison resistance, slowness 2,
spit poison 1, inability to use devices, cowardly, naga tail 1
a: Spit Poison, Renounce Religion, Draw Out Power


You were on level 7 of the Dungeon.
You worshipped Ru.
Ru was most pleased with you.
You visited 1 branch of the dungeon, and saw 8 of its levels.

You collected 195 gold pieces.
You spent 24 gold pieces at shops.


Innate Abilities, Weirdness & Mutations

Your serpentine skin is tough. (AC +2)
You have supernaturally acute eyesight. (SInv)
Armour fits poorly on your strangely shaped body.
Your system is resistant to poisons. (rPois)
You cover ground very slowly.
You can spit poison.
You cannot study or use magical devices.
Your cowardice makes you less effective in combat with threatening foes.
You have a snake-like lower body.


   Skills:
 + Level 6.8 Fighting
 - Level 2.0 Polearms
 * Level 7.8 Armour
 - Level 2.4 Shields


You had 7 spell levels left.
You didn't know any spells.
Your spell library contained the following spells:

 Spells                   Type           Power      Damage    Failure   Level
 Beastly Appendage        Tmut           0%         N/A       99%         1
 Blink                    Tloc           0%         N/A       99%         2
 Wereblood                Tmut           0%         N/A       99%         2
 Gell's Gravitas          Tloc           0%         N/A       100%        3
 Lesser Beckoning         Tloc           0%         N/A       100%        3
 Spider Form              Tmut/Pois      0%         N/A       100%        3
 Teleport Other           Tloc           0%         N/A       100%        3
 Petrify                  Tmut/Erth      0%         N/A       100%        4
 Manifold Assault         Tloc           0%         N/A       100%        5
 Metabolic Englaciation   Hex/Ice        0%         N/A       100%        5
 Statue Form              Tmut/Erth      0%         N/A       100%        6
 Storm Form               Tmut/Air       0%         N/A       100%        7

Inventory:

Hand Weapons
 a - a +0 trident {polearm}
 m - the +8 long sword "Cauppi" {pain, +Blink Int+4 Dex-5 SInv, long}
   (You found it on level 2 of the Dungeon)

   In the hands of one skilled in necromantic magic, it inflicts extra damage on
   living creatures.
   Int:       It affects your intelligence (+4).
   Dex:       It affects your dexterity (-5).
   SInv:      It lets you see invisible.
   +Blink:    It lets you blink.
 n - the +4 hunting sling of Thoughtfulness {vorpal, Fragile rElec Int+4 Dex+4, sling}
   (You found it on level 2 of the Dungeon)

   Any ammunition fired from it inflicts extra damage upon your enemies.
   Int:       It affects your intelligence (+4).
   Dex:       It affects your dexterity (+4).
   rElec:     It insulates you from electricity.
   Fragile:   It will be destroyed if unequipped.
 q - the +5 hand axe of the Feeding Lamprey (weapon) {antimagic, *Rage Fly rPois, axe}
   (You found it on level 2 of the Dungeon)

   It reduces the magical energy of the wielder, and disrupts the spells and
   magical abilities of those it strikes.
   Natural abilities and divine invocations are not affected.
   rPois:     It protects you from poison.
   Fly:       It grants you flight.
   *Rage:     It berserks you when you make melee attacks (+20% chance).
 u - the +7 rapier of Zuptireno {vorpal, Fragile Str+4, short}
   (You found it on level 3 of the Dungeon)

   It inflicts extra damage upon your enemies.
   Str:       It affects your strength (+4).
   Fragile:   It will be destroyed if unequipped.
Missiles
 e - a curare-tipped dart {=fthrowing}
 i - 5 poisoned darts {throwing}
 k - 94 stones (quivered) {throwing}
Armour
 b - a +0 scale mail
 c - a +0 buckler (worn)
 r - a +0 chain mail (worn)
   (You found it on level 3 of the Dungeon)
Magical Staves
 A - a staff of poison {!astaff}
   (You found it on level 6 of the Dungeon)
Jewellery
 s - a +6 ring of dexterity (left hand)
   (You found it on level 3 of the Dungeon)
Wands
 v - a wand of flame (6)
   (You took it off Ijyb on level 3 of the Dungeon)
 y - a wand of iceblast (9)
   (You took it off an orc on level 6 of the Dungeon)
Scrolls
 f - 6 scrolls of teleportation {@r4}
 g - 4 scrolls of identify {@r1}
 h - 2 scrolls of enchant weapon {unknown}
 t - 2 scrolls of immolation {unknown}
 B - a scroll of fog {unknown}
Potions
 j - a potion of resistance {unknown}
 l - 5 potions of curing {unknown}
 o - 2 potions of berserk rage {unknown}
 p - 2 potions of magic {unknown}
 w - a potion of mutation {unknown}
 x - a potion of attraction {unknown}
 z - a potion of ambrosia {unknown}

Dungeon Overview and Level Annotations

Branches:
Dungeon (8/15)             Temple (0/1) D:6
   Lair: D:8-11

Altars:
Ru
Sif Muna
Vehumet
Yredelemnul

Shops:
D:1

? #.....#
#.#
######### #
#.....#
#.##########
... #.....#
#)#........#
... #.....#
#.'........'
... #.....#
#.#........#
... #######
#.#........#
...
#....#######
### #####.#
#.@.#.#
#y#.#.#
#l#.#.#
#.#...# ##
#.##### . #.
.. #.## ..
#... ####


You could see a hornet and a wyvern.


Message History

Monsters!
Monsters everywhere!
You have to get out of here!
There are monsters nearby!
There are monsters nearby!
There are monsters nearby!
You throw a stone {throwing}.
The stone {throwing} hits the orc but does no damage.
You throw a stone {throwing}.
The stone {throwing} hits the orc but does no damage.
You hit the orc.
The orc hits you with a +0 short sword. x2 😕 HP[-7]
You take 7 damage, and now have 71/78 hp.
You are too injured to fight recklessly!
You are too injured to fight recklessly!
You are too injured to fight recklessly!
You are too injured to fight recklessly!
You are too injured to fight recklessly!
You are too injured to fight recklessly!
You are too injured to fight recklessly!
You are too injured to fight recklessly!
You are too injured to fight recklessly!
You are too injured to fight recklessly!
You are too injured to fight recklessly!
You are too injured to fight recklessly!
You are too injured to fight recklessly!
You are too injured to fight recklessly!
You are too injured to fight recklessly!
You are too injured to fight recklessly!
You are too injured to fight recklessly!
You are too injured to fight recklessly!
You are too injured to fight recklessly!
You are too injured to fight recklessly!
You hit the orc.
You kill the orc!
The hornet stings you!
You feel yourself slow down. 😕 HP[-7]
You take 7 damage, and now have 64/78 hp.
Unknown command.
You barely miss the hornet.
The hornet stings you but does no damage. x2
You barely miss the hornet.
You feel yourself speed up. The hornet stings you!
The hornet closely misses you. The hornet stings you. 😮 HP[-16]
You take 16 damage, and now have 48/78 hp.
MASSIVE DAMAGE!! (PAUSE)
You hit the hornet but do no damage.
The hornet stings you but does no damage.
The hornet stings you! 😮 HP[-6]
You take 6 damage, and now have 42/78 hp.
You hit the hornet but do no damage. The hornet stings you. x2
* * * LOW HITPOINT WARNING * * *
😨 HP[-7]
You take 7 damage, and now have 35/78 hp.
You closely miss the hornet.
The hornet stings you but does no damage.
The hornet stings you.
* * * LOW HITPOINT WARNING * * *
You are poisoned.
You feel yourself slow down. 😨 HP[-2]
You take 2 damage, and now have 33/78 hp.
Unknown command.
You are restored by drawing out deep reserves of power within.
You feel drained.
You feel very sick. The hornet stings you!
The hornet barely misses you. 😮 HP[+6]
You now have 74 max hp (-4).
You regained 6 hp, and now have 39/74 hp.
Unknown command.
Unknown command.
You miss the hornet.
You feel very sick. The hornet stings you.
* * * LOW HITPOINT WARNING * * *
The hornet barely misses you. The hornet stings you.
* * * LOW HITPOINT WARNING * * *
You suddenly lose the ability to move!
You can move again. 😨 HP[-7]
You take 7 damage, and now have 32/74 hp.
Unknown command.
You cannot evoke magical items.
You feel very mighty all of a sudden.
You feel sick. The hornet stings you!
* * * LOW HITPOINT WARNING * * *
You are more poisoned. 😱 HP[-14]
You take 14 damage, and now have 18/74 hp.
Unknown command.
Unknown command.
You closely miss the hornet.
* * * LOW HITPOINT WARNING * * *
You feel very sick. The hornet stings you!
* * * LOW HITPOINT WARNING * * *
You shrug off the repeated paralysis!
The hornet stings you!
You die...

Skill      XL: |  1  2  3  4  5  6  7  8 |
---------------+-------------------------+-----
Armour         | 3 4 5 6 7 |  7.8
Fighting       | 4 5 6 |  6.8
Polearms       | |  2.0
Shields        | |  2.4

Action                   |  1- 3 |  4- 6 |  7- 9 || total
-------------------------+-------+-------+-------++-------
Melee: Trident           |    68 |       |       ||    68
       Long sword        |    17 |    15 |       ||    32
       Hand axe          |       |   103 |   131 ||   234
Throw: Stone             |       |    26 |    29 ||    55
Invok: Sacrifice Courage |     1 |       |       ||     1
       Draw Out Power    |       |       |     4 ||     4
       Sacrifice Artific |       |       |     1 ||     1
 Abil: Spit Poison       |     5 |     1 |       ||     6
  Use: Scroll            |     1 |       |       ||     1
       Potion            |       |     3 |     1 ||     4
 Stab: Invisible         |       |       |     2 ||     2
Armor: Scale mail        |    25 |    20 |       ||    45
       Chain mail        |       |    37 |    60 ||    97
Dodge: Dodged            |    27 |    27 |    27 ||    81
Block: Buckler           |     6 |    11 |    25 ||    42

Levels and vault maps discovered:
D:1:      dpeg_arrival_rooms_a, layout_loops_ring, serial_shops, shop,
          ebering_ecumenical_altar_sacrificial, minmay_misc_feat_roman,
          minmay_tetromino_t2
D:2:      layout_loops_ring, minmay_misc_feat_rugged,
          hangedman_abyss_or_decor_stabs, minmay_fountain_box, uniq_terence
D:3:      minmay_diamond_boxcup, layout_rooms, serial_glass, glass_columns_a,
          glass_columns_c, glass_columns_b, glass_columns_b, uniq_ijyb
D:4:      minmay_razor_zed, layout_loops_ring, amcnicky_altar_gilded,
          marbit_many_paths, mainiacjoe_overflow_boulevard
D:5:      layout_rooms, kennysheep_generic_room_16, uniq_crazy_yiuf_cottage,
          uniq_menkaure
D:6:      layout_basic, mainiacjoe_overflow_swirl,
          minmay_temple_entry_statues_fountains, uniq_eustachio
D:7:      layout_basic
D:8:      layout_loops_ring, kennysheep_mini, due_unseen_surprise, uniq_psyche

Notes
Turn   | Place    | Note
-------+----------+-------------------------------------------
     0 | D:1      | spaghetti the Naga Fighter began the quest for the Orb.
     0 | D:1      | Reached XP level 1. HP: 21/21 MP: 1/1
     0 | D:1      | magus.rc [v1.9.6]
   120 | D:1      | Reached XP level 2. HP: 22/28 MP: 2/2
   466 | D:1      | Found a faded altar of an unknown god.
   478 | D:1      | Prayed at the altar of an unknown god.
   478 | D:1      | Became a worshipper of Ru the Awakened
   493 | D:1      | Gained mutation: Your cowardice makes you less effective in
                  | combat with threatening foes. [Ru sacrifice]
   493 | D:1      | Reached * piety under Ru
   503 | D:1      | Reached skill level 3 in Armour
   614 | D:1      | You pick up a book of Changes and begin reading...
   614 | D:1      | You add the spells Beastly Appendage, Wereblood and Spider
                  | Form to your library.
   616 | D:1      | Found Syox's Magic Scroll Boutique.
   620 | D:1      | Bought a scroll of identify for 24 gold pieces
   643 | D:1      | Reached XP level 3. HP: 34/34 MP: 3/3
  1169 | D:2      | Identified the +8 long sword "Cauppi" {pain, +Blink Int+4
                  | Dex-5 SInv}
  1201 | D:2      | Identified the +4 hunting sling of Thoughtfulness {vorpal,
                  | Fragile rElec Int+4 Dex+4}
  1313 | D:2      | Reached XP level 4. HP: 43/43 MP: 4/4
  1473 | D:2      | Identified the +5 hand axe of the Feeding Lamprey
                  | {antimagic, *Rage Fly rPois}
  1542 | D:2      | Noticed Terence
  1557 | D:2      | Killed Terence
  1907 | D:2      | Reached skill level 4 in Armour
  1912 | D:2      | Reached XP level 5. HP: 50/50 MP: 1/5
  1914 | D:2      | Reached skill level 4 in Fighting
  2167 | D:3      | Noticed a kobold brigand
  2177 | D:3      | HP: 10/50 [kobold brigand/+0 whip (8)]
  2189 | D:3      | Killed a kobold brigand
  2394 | D:3      | Reached XP level 6. HP: 58/58 MP: 2/6
  2619 | D:3      | Identified the +7 rapier of Zuptireno {vorpal, Fragile
                  | Str+4}
  2738 | D:3      | Noticed Ijyb
  2752 | D:3      | Killed Ijyb
  2972 | D:3      | You add the spells Blink, Manifold Assault and Storm Form
                  | to your library.
  3077 | D:4      | You pick up a book of Displacement and begin reading...
  3077 | D:4      | You add the spells Lesser Beckoning, Gell's Gravitas and
                  | Teleport Other to your library.
  3080 | D:4      | Found a basalt altar of Yredelemnul.
  3295 | D:4      | You are sucked into a shaft and drop 3 floors!
  3318 | D:7      | Noticed a sky beast
  3331 | D:7      | Killed a sky beast
  3332 | D:7      | Reached skill level 5 in Armour
  3466 | D:8      | Reached skill level 5 in Fighting
  3466 | D:8      | Reached XP level 7. HP: 67/67 MP: 2/7
  3809 | D:7      | Gained mutation: You cannot study or use magical devices.
                  | [Ru sacrifice]
  3809 | D:7      | Reached ** piety under Ru
  3809 | D:7      | Reached *** piety under Ru
  3832 | D:6      | Reached skill level 6 in Armour
  4153 | D:6      | Found a staircase to the Ecumenical Temple.
  4293 | D:5      | Entered Level 5 of the Dungeon
  4348 | D:6      | Reached XP level 8. HP: 76/76 MP: 2/8
  4457 | D:7      | Reached skill level 6 in Fighting
  4644 | D:7      | HP: 27/114 [orc priest/+0 hand axe (2)]
  4644 | D:7      | HP: 11/114 [orc/+0 flail (3)]
  4646 | D:7      | HP: 5/114 [orc wizard/magic dart (4)]
  4650 | D:7      | Reached skill level 7 in Armour
  4991 | D:6      | You pick up a book of Sloth and begin reading...
  4991 | D:6      | You add the spells Petrify, Metabolic Englaciation and
                  | Statue Form to your library.
  4992 | D:6      | Noticed Eustachio
  5007 | D:6      | Killed Eustachio
  5266 | D:6      | Found a radiant altar of Vehumet.
  5310 | D:6      | Found a shimmering blue altar of Sif Muna.
  5651 | D:7      | Noticed a hornet
  5651 | D:7      | Noticed a wyvern
  5662 | D:7      | Paralysed by a hornet for 1 turns
  5663 | D:7      | HP: 18/74 [hornet (13)]
  5664 | D:7      | HP: 4/74 [hornet (10)]
  5664 | D:7      | Mangled by a hornet

Vanquished Creatures
  Eustachio (D:6)
  2 orc warriors (D:7)
  2 sky beasts (D:7)
  2 centaurs
  An ogre (D:6)
  A phantom (D:6)
  A kobold brigand (D:3)
  A bullfrog (D:8)
  2 scorpions
  An orc priest (D:7)
  A hound (D:6)
  A jelly (D:6)
  Ijyb (D:3)
  Terence (D:2)
  3 iguanas
  4 orc wizards
  4 gnolls (D:2)
  5 adders
  2 white imps (D:6)
  An ufetubus (D:6)
  A worm (D:2)
  3 dart slugs
  11 orcs
  6 ball pythons
  An endoplasm (D:3)
  2 giant cockroaches
  10 goblins
  6 hobgoblins
  4 jackals
  3 quokkas
  4 bats
  2 frilled lizards
  7 kobolds
  5 rats
102 creatures vanquished.

Vanquished Creatures (others)
  An orc (D:7)
  A goblin (D:3)
2 creatures vanquished.

Grand Total: 104 creatures vanquished

Table legend:
 A = Non-vault XP
 B = Vault XP
 C = Vault XP percentage of total XP
 D = Non-vault monster count
 E = Vault monster count
 F = Vault count percentage of total count
                 A         B        C        D         E       F
            +---------+---------+-------+---------+---------+-------
      Total |    1887 |     274 |  12.7 |      93 |      10 |   9.7
            +---------+---------+-------+---------+---------+-------
        D:1 |      37 |       1 |   2.6 |      20 |       1 |   4.8
        D:2 |     126 |      38 |  23.2 |      24 |       1 |   4.0
        D:3 |     139 |      50 |  26.5 |      12 |       7 |  36.8
        D:4 |      44 |       0 |   0.0 |       5 |       0 |   0.0
        D:6 |     649 |     185 |  22.2 |      16 |       1 |   5.9
        D:7 |     799 |       0 |   0.0 |      15 |       0 |   0.0
        D:8 |      93 |       0 |   0.0 |       1 |       0 |   0.0
            +---------+---------+-------+---------+---------+-------

Illustrated notes

Table legend:
 A = Kills in this place as a percentage of kills in entire the game.
 B = Kills by you in this place as a percentage of kills by you in the entire game.
 C = Kills by friends in this place as a percentage of kills by friends in the entire game.
 D = Other kills in this place as a percentage of other kills in the entire game.
 E = Experience gained in this place as a percentage of experience gained in the entire game.
 F = Experience gained in this place divided by the number of levels of this place that you have seen.
                   A       B       C       D       E      F
               +-------+-------+-------+-------+-------+----------------------
         Total | 100.0 | 100.0 |   N/A | 100.0 | 100.0 | 270.1
       Dungeon | 100.0 | 100.0 |   N/A | 100.0 | 100.0 | 270.1
               +-------+-------+-------+-------+-------+----------------------

Table legend: (Time is in decaauts)
 A = Elapsed time spent in this place.
 B = Non-inter-level travel time spent in this place.
 C = Inter-level travel time spent in this place.
 D = Time resting spent in this place.
 E = Time spent auto-exploring this place.
 F = Levels seen in this place.
 G = Mean time per level.
                   A        B        C        D        E       F      G
               +--------+--------+--------+--------+--------+-----+--------+
         Total |   7014 |   6767 |    247 |   2249 |   3501 |   8 |  876.8 |
       Dungeon |   7014 |   6767 |    247 |   2249 |   3501 |   8 |  876.8 |
               +--------+--------+--------+--------+--------+-----+--------+

Top non-repeatable levels by time:
     D:2: 1583 daAuts
     D:7: 1515 daAuts
     D:1: 1267 daAuts
     D:6: 1255 daAuts
     D:3: 1113 daAuts
     D:4: 267 daAuts
     D:8: 10 daAuts
     D:5: 2 daAuts
